 Dungeon Crawl Stone Soup version 0.23.2-40-g277498a001 (webtiles) character file.

Game seed: 585023343213301208

215998 steinardarri the Markscentaur (level 18, -5/163 HPs)
             Began as a Centaur Arcane Marksman on Oct 6, 2019.
             Was the Champion of Okawaru.
             Killed by the raging water
             ... invoked by a water nymph
              (21 damage)
             ... on level 3 of the Shoals on Oct 7, 2019.
             The game lasted 03:56:44 (42012 turns).

steinardarri the Markscentaur (CeAM)               Turns: 42012, Time: 03:56:45

Health: -5/163     AC: 31    Str: 27    XL:     18   Next: 34%
Magic:  25/25      EV: 14    Int: 20    God:    Okawaru [******]
Gold:   1557       SH:  4    Dex: 14    Spells: 6/27 levels left

rFire    . . .     SeeInvis +   a - +7 longbow of Okawaru's Indignation {flame, Str+4 Int+2}
rCold    + . .     Gourm    .   (shield currently unavailable)
rNeg     . . .     Faith    .   y - +4 scale mail of the Carpenter {rElec rC+ Str+2 SInv}
rPois    +         Spirit   .   o - +2 helmet
rElec    +         Reflect  +   Z - +2 cloak {rPois}
rCorr    .         Harm     .   g - +2 pair of gloves
MR       +....                  L - +3 centaur barding of Okawaru's Castigation {Str+5}
Stlth    ..........             Q - +4 amulet of reflection
HPRegen  0.37/turn              D - +5 ring of slaying
MPRegen  0.19/turn              X - +5 ring of intelligence

@: very slow
A: large, hooves 3, deformed body, speed 2, tough skin 3
}: 1/15 runes: gossamer
a: Heroism, Finesse, Renounce Religion


You were on level 3 of the Shoals.
You worshipped Okawaru.
Okawaru was exalted by your worship.
You were not hungry.

You visited 6 branches of the dungeon, and saw 31 of its levels.
You also visited: Bailey and Ice Cave.

You collected 3032 gold pieces.
You spent 1475 gold pieces at shops.

Inventory:

Hand Weapons
 a - the +7 longbow of Okawaru's Indignation (weapon) {flame, Str+4 Int+2}
   (Okawaru gifted it to you on level 12 of the Dungeon)

   It causes projectiles fired from it to burn those they strike, causing extra
   injury to most foes and up to half again as much damage against particularly
   susceptible opponents.
   It affects your strength (+4).
   It affects your intelligence (+2).
Missiles
 d - 512 arrows (quivered)
 E - 4 throwing nets
Armour
 g - a +2 pair of gloves (worn)
 o - a +2 helmet (worn)
 y - the +4 scale mail of the Carpenter (worn) {rElec rC+ Str+2 SInv}
   (You took it off a human on level 13 of the Dungeon)

   It affects your strength (+2).
   It protects you from cold.
   It insulates you from electricity.
   It lets you see invisible.
 G - a +3 centaur barding of fire resistance
 L - the +3 centaur barding of Okawaru's Castigation (worn) {Str+5}
   (Okawaru gifted it to you on level 1 of the Spider Nest)

   It affects your strength (+5).
 Z - a +2 cloak of poison resistance (worn)
Jewellery
 D - a +5 ring of slaying (left hand)
 K - a +4 ring of evasion
 Q - a +4 amulet of reflection (around neck)
 V - an uncursed ring of protection from cold
 X - a +5 ring of intelligence (right hand)
Wands
 w - a wand of clouds (5)
 A - a wand of enslavement (9)
 B - a wand of scattershot (12)
 C - a wand of acid (25)
 F - a wand of iceblast (29)
 N - a wand of paralysis (10)
Scrolls
 h - 3 scrolls of blinking
 p - 4 scrolls of magic mapping
 q - 17 scrolls of remove curse
 r - 2 scrolls of enchant weapon
 s - 11 scrolls of teleportation
 J - 3 scrolls of amnesia
 M - 7 scrolls of fog
 U - 2 scrolls of fear
 Y - 2 scrolls of holy word
Potions
 c - 4 potions of magic
 e - 2 potions of brilliance
 i - 18 potions of curing
 k - 4 potions of heal wounds
 l - 3 potions of flight
 m - 5 potions of ambrosia
 t - 8 potions of might
 u - 2 potions of mutation
 x - 8 potions of haste
 z - 2 potions of agility
 H - 2 potions of resistance
 I - 2 potions of experience {unknown}
 R - a potion of invisibility {unknown}
 S - a potion of cancellation {unknown}
Miscellaneous
 T - a fan of gales
 W - a box of beasts
Comestibles
 b - 5 chunks of flesh
 f - 35 rations


   Skills:
 * Level 15.5 Fighting
 + Level 19.6 Bows
 + Level 9.9 Armour
 * Level 13.2 Dodging
 - Level 5.0 Spellcasting
 - Level 8.0 Hexes
 - Level 5.0 Translocations
 - Level 10.0 Invocations


You had 6 spell levels left.
You knew the following spells:

 Your Spells              Type           Power        Failure   Level  Hunger
a - Corona                Hex            #####..      1%          1    None
b - Slow                  Hex            #####...     1%          2    None
c - Portal Projectile     Hex/Tloc       ####..       4%          3    ##.....
d - Confuse               Hex            #####...     2%          3    ##.....
e - Cause Fear            Hex            #####.....   9%          4    ####...
f - Gell's Gravitas       Tloc           ####......   9%          3    ##.....
g - Blink                 Tloc           N/A          4%          2    None
h - Teleport Other        Tloc           ####....     9%          3    ##.....

Your spell library contained the following spells:

 Spells                   Type           Power        Failure   Level  Hunger
 Confusing Touch          Hex            #####.       1%          1    None
 Lesser Beckoning         Tloc           ####......   9%          3    ##.....
 Shroud of Golubria       Chrm/Tloc      ###.......   12%         2    None
 Inner Flame              Hex/Fire       ###.....     13%         3    ##.....
 Flame Tongue             Conj/Fire      #....        22%         1    None
 Passage of Golubria      Tloc           N/A          28%         4    ####...
 Sublimation of Blood     Necr           #.........   32%         2    None
 Throw Flame              Conj/Fire      #.....       32%         2    None
 Leda's Liquefaction      Hex/Erth       ###.......   38%         4    ####...
 Conjure Flame            Conj/Fire      #.......     54%         3    ##.....
 Ignite Poison            Fire/Tmut/Pois #.......     54%         3    ##.....
 Metabolic Englaciation   Hex/Ice        ###.......   75%         5    #####..
 Yara's Violent Unravell  Hex/Tmut       ###.......   75%         5    #####..
 Petrify                  Tmut/Erth      #.......     91%         4    ####...
 Sticky Flame             Conj/Fire      #.......     91%         4    ####...
 Alistair's Intoxication  Tmut/Pois      #.......     99%         5    #####..
 Fireball                 Conj/Fire      #.........   99%         5    #####..
 Irradiate                Conj/Tmut      #.........   99%         5    #####..


Dungeon Overview and Level Annotations

Branches:
Dungeon (15/15) Temple (1/1) D:4 Lair (6/6) D:10 Shoals (3/4) Lair:2 Spider (4/4) Lair:3 Slime (0/5) Lair:6 Orc (2/2) D:10 Elf (0/3) Orc:2 Vaults (0/5) D:12 D:13 Depths (0/5) D:15

Altars:
Ashenzari
Cheibriados
Dithmenos
Elyvilon
Fedhas
Gozag
Hepliaklqana
Kikubaaqudgha
Makhleb
Nemelex Xobeh
Okawaru
Qazlal
Ru
Sif Muna
Trog
Uskayaw
Vehumet
Wu Jian
Xom
Yredelemnul
Zin
The Shining One
Beogh

Shops:
D:4 [   D:11 (   D:12 (   Orc:1 %   Orc:2 *([%(


Innate Abilities, Weirdness & Mutations

You have hooves in place of feet.
Armour fits poorly on your strangely shaped body.
You cover ground very quickly.
You have extremely tough skin. (AC +3)


Message History

The water nymph points at you and mumbles some strange words.
The water swirls and strikes you!
The merfolk aquamancer casts a spell at you.
The ball of steam hits you!!
You are engulfed in a cloud of scalding steam.
You are engulfed in a cloud of scalding steam.
You enter the shallow water.
Moving in this stuff is going to be slow.
The merfolk aquamancer gestures at you while chanting.
The ball of steam hits you!!!
The water nymph is engulfed in a cloud of scalding steam.
The merfolk aquamancer points at you and mumbles some strange words.
The torrent of water hits you!!!
* * * LOW HITPOINT WARNING * * *
You are knocked back by the torrent of water.
Splash!
The wave splashes down.
The water nymph casts a spell at you. The water swirls and strikes you!
You die...

....≈≈≈≈≈≈≈≈≈≈≈≈≈≈≈..# ##(.....
E≈≈≈≈≈≈§§§§≈≈≈≈≈≈≈≈..#####..≈≈..
..≈≈≈≈§m§§≈≈≈≈≈≈≈≈≈...#....≈≈≈≈≈
(((≈((((§≈m≈≈≈≈≈≈≈........≈≈≈≈≈≈
.......≈≈≈#≈≈≈≈≈≈≈..≈.....≈≈≈≈≈≈
≈.#(≈..≈...m≈≈≈≈≈≈≈≈≈≈))(.≈≈≈≈≈≈
≈(...(≈≈≈≈E≈≈≈≈≈≈≈≈≈≈≈≈≈≈≈≈≈≈≈≈≈
≈≈≈..≈≈≈≈≈≈≈≈≈≈≈≈≈≈..≈≈≈≈≈≈≈≈≈≈≈
≈≈≈≈≈≈≈≈≈≈≈≈≈≈≈@≈≈.<.)..(≈≈≈≈≈≈≈
≈≈≈≈≈≈≈≈≈≈≈≈.≈≈≈≈..#.)....≈≈≈≈≈≈
≈≈≈≈≈≈≈≈≈≈≈≈≈≈≈≈≈....)≈≈..≈≈≈≈≈≈
≈≈≈≈≈≈≈≈≈≈≈≈≈≈...≈≈≈≈...≈≈≈≈
≈≈≈≈≈≈≈≈≈≈≈≈≈≈..≈≈≈≈≈..≈≈≈≈≈
≈≈≈≈≈≈≈≈≈≈≈≈≈≈≈≈≈≈..≈≈≈≈≈≈≈
≈≈≈≈≈≈≈≈≈≈≈≈≈≈≈≈≈≈.≈≈≈≈≈≈≈≈
≈≈≈≈≈≈≈≈≈≈≈≈≈≈≈≈≈≈≈≈≈≈≈≈≈≈≈
≈≈≈≈≈≈≈≈≈≈≈≈≈≈≈≈≈≈≈


You could see a merfolk aquamancer, a water elemental and a water nymph.

Vanquished Creatures
  Mara (Spider:3)
  Bai Suzhen (Spider:4)
  Arachne (Spider:4)
  Jorgrun (D:12)
  Agnes (Spider:4)
  Donald (Spider:4)
  Roxanne (Spider:4)
  9 emperor scorpions
  The ghost of MalarOregon the Spry, a journeyman MfSk of the Shining One (Spider:1)
  An orc warlord (Bailey)
  A ghost moth (Spider:3)
  An entropy weaver (Spider:2)
  A stone giant (Orc:1)
  The ghost of Qatempov the Severer, a journeyman HOFi of Okawaru (Shoals:2)
  Nessos (D:13)
  2 spark wasps (Spider:3)
  3 merfolk javelineers
  An ettin (Orc:1)
  4 merfolk impalers
  2 fire dragons
  Erolcha (D:11)
  8 hydras
  An ice dragon (D:15)
  18 two-headed ogres
  A merfolk aquamancer (Shoals:2)
  A merfolk avatar (Shoals:1)
  A centaur warrior (D:15)
  An alligator (Lair:6)
  7 death yaks
  3 ogre magi
  5 tengu warriors
  A dancing weapon (Spider:1)
  An orc high priest (Orc:2)
  Urug (D:13)
  Sonja (D:13)
  Nergalle (Orc:1)
  4 sea snakes
  3 unseen horrors
  2 deep trolls (Orc:2)
  A lindwurm (Lair:6)
  2 orc knights
  The ghost of Cykl0x the Shield-Bearer, a novice FoFi of Makhleb (D:6)
  22 orb spiders
  An oklob plant (Lair:6)
  24 wolf spiders
  2 orc sorcerers (Orc:1)
  7 fauns
  6 cyclopes
  9 ugly things
  A moth of wrath (Spider:4)
  20 elephants
  12 manticores
  An ice statue (IceCv)
  A black mamba (shapeshifter) (D:15)
  2 molten gargoyles (Lair:6)
  5 merfolk sirens
  3 torpor snails
  A water nymph (Shoals:2)
  6 black mambas
  2 centaur zombies
  An eye of devastation (Lair:6)
  A kobold demonologist (D:14)
  8 spiny frogs
  3 gargoyles (D:15)
  3 rime drakes
  13 demonic crawlers
  3 tengu conjurers
  6 meliai
  A freezing wraith (D:14)
  14 komodo dragons
  A hornet (shapeshifter) (D:14)
  30 merfolk
  17 trolls
  2 wind drakes (Shoals:1)
  27 jumping spiders
  6 hornets
  12 polar bears
  Grinder (D:4)
  14 hippogriffs
  5 snapping turtles
  A harpy skeleton (D:15)
  6 slime creatures (D:14)
  7 dream sheep
  20 blink frogs
  A meliai zombie (D:15)
  76 redbacks
  3 water elementals
  33 tarantellas
  A wraith (D:14)
  9 wyverns
  10 basilisks
  A vampire (D:15)
  A hungry ghost (D:10)
  47 yaks
  16 humans
  6 vampire mosquitoes (D:15)
  3 steam dragons (Lair:6)
  Menkaure (D:5)
  3 wargs
  3 hell hounds (Lair:6)
  An acid dragon (D:15)
  4 water moccasins
  Duvessa (D:4)
  2 hornet zombies (D:15)
  10 porcupines
  2 sky beasts
  32 orc warriors
  6 ice beasts
  4 black bears
  3 eyes of draining
  A necrophage (D:10)
  23 ogres
  3 phantoms
  A boggart (D:13)
  38 wolves
  5 centaurs
  20 crocodiles
  A big kobold (D:11)
  19 bullfrogs
  A gnoll sergeant (D:8)
  A wyvern zombie (D:14)
  3 scorpions
  Dowan (D:4)
  10 wights
  6 howler monkeys
  4 electric eels
  4 crimson imps
  5 lava snakes (Lair:6)
  2 quasits
  3 jellies
  3 bullfrog zombies
  14 orc priests
  2 bullfrog skeletons
  2 gnoll shamans
  7 hounds
  3 centaur skeletons
  3 iguanas
  Ijyb (D:4)
  10 worker ants
  7 orc wizards
  4 hound skeletons
  2 worker ant zombies
  29 gnolls
  18 adders
  A howler monkey skeleton (D:11)
  A shadow imp (D:8)
  12 white imps (D:11)
  An ooze (D:4)
  An adder skeleton (D:4)
  An adder zombie (D:5)
  4 worms
  2 dart slugs
  10 leopard geckos
  70 orcs
  5 giant cockroaches
  26 goblins
  20 hobgoblins
  10 jackals
  7 quokkas
  3 ball pythons
  8 bats
  7 frilled lizards
  19 kobolds
  A leopard gecko skeleton (D:9)
  10 rats
1181 creatures vanquished.

Vanquished Creatures (others)
  A centaur warrior (D:13)
  A wolf (IceCv)
  An orc (D:12)
  58 fungi
  34 plants
95 creatures vanquished.

Grand Total: 1276 creatures vanquished

Notes
Turn   | Place    | Note
-------+----------+-------------------------------------------
     0 | D:1      | steinardarri the Centaur Arcane Marksman began the quest
                  | for the Orb.
     0 | D:1      | Reached XP level 1. HP: 16/16 MP: 2/2
    62 | D:1      | Reached skill level 3 in Bows
   146 | D:1      | Reached XP level 2. HP: 23/23 MP: 3/3
  1088 | D:2      | Reached XP level 3. HP: 23/28 MP: 4/4
  1519 | D:2      | Reached skill level 4 in Bows
  1529 | D:2      | Reached XP level 4. HP: 35/36 MP: 6/6
  1703 | D:2      | Learned a level 2 spell: Slow
  2868 | D:3      | You fall through a shaft for 3 floors!
  2869 | D:6      | Noticed a phantom
  2869 | D:6      | Found a runed translucent gate.
  2869 | D:6      | Found a runed translucent gate.
  2869 | D:6      | Found a runed translucent gate.
  2869 | D:6      | Noticed Cykl0x's ghost (novice FoFi)
  2870 | D:6      | Noticed an orc warrior
  2871 | D:6      | Identified the cursed +1 chain mail of Snakes and Ladders
                  | {Dex+4}
  2871 | D:6      | Noticed an orc warrior
  2878 | D:6      | Noticed a centaur
  2883 | D:5      | Entered Level 5 of the Dungeon
  2899 | D:5      | Reached XP level 5. HP: 22/41 MP: 7/7
  3064 | D:4      | Found Yvehoevo's Armour Shop.
  3354 | D:4      | Reached skill level 5 in Bows
  3519 | D:4      | Reached XP level 6. HP: 36/50 MP: 4/8
  3801 | D:4      | Noticed Ijyb
  3814 | D:4      | Noticed Dowan
  3910 | D:4      | Found a staircase to the Ecumenical Temple.
  3924 | Temple   | Entered the Ecumenical Temple
  3947 | Temple   | Became a worshipper of Warmaster Okawaru
  4251 | D:4      | Killed Dowan
  4406 | D:4      | Noticed Duvessa
  4623 | D:4      | Killed Ijyb
  4663 | D:4      | Killed Duvessa
  4663 | D:4      | Reached skill level 6 in Bows
  5193 | D:5      | Reached XP level 7. HP: 57/57 MP: 5/10
  5239 | D:5      | Learned a level 3 spell: Portal Projectile
  5264 | D:5      | Noticed Grinder
  5296 | D:5      | Paralysed by Grinder for 6 turns
  5306 | D:4      | Paralysed by Grinder for 5 turns
  5323 | D:4      | Paralysed by Grinder for 3 turns
  5329 | D:4      | Killed Grinder
  5329 | D:4      | Reached skill level 5 in Hexes
  5513 | D:5      | Noticed Menkaure
  5586 | D:5      | Reached skill level 7 in Bows
  6154 | D:6      | Reached * piety under Okawaru
  7501 | D:5      | Reached XP level 8. HP: 58/66 MP: 8/12
  7625 | D:5      | Killed Menkaure
  7625 | D:5      | Reached skill level 8 in Bows
  7692 | D:6      | Found a roughly hewn altar of Beogh.
  8016 | D:6      | Reached skill level 1 in Translocations
  8033 | D:6      | Reached ** piety under Okawaru
  8255 | D:6      | Reached skill level 9 in Bows
  8255 | D:6      | Reached skill level 1 in Invocations
  8617 | D:6      | Reached XP level 9. HP: 56/73 MP: 10/13
  8909 | D:6      | Reached skill level 5 in Fighting
  9268 | D:7      | Found a shattered altar of Ashenzari.
  9606 | D:7      | Reached skill level 10 in Bows
  9796 | D:7      | Reached skill level 1 in Armour
 10076 | D:8      | Reached *** piety under Okawaru
 10583 | D:8      | Reached skill level 11 in Bows
 10711 | D:8      | Found a sacrificial altar of Ru.
 10896 | D:4      | Bought a +3 scale mail of magic resistance for 286 gold
                  | pieces
 11134 | D:9      | Reached **** piety under Okawaru
 11134 | D:9      | Reached XP level 10. HP: 83/83 MP: 9/14
 11170 | D:9      | Noticed a red ugly thing
 11248 | D:8      | Killed a red ugly thing
 11248 | D:8      | Received a gift from Okawaru
 12159 | D:10     | Entered Level 10 of the Dungeon
 12224 | D:10     | Reached skill level 12 in Bows
 12346 | D:10     | Received a gift from Okawaru
 12446 | D:10     | Found a staircase to the Orcish Mines.
 12768 | D:6      | Killed Cykl0x's ghost
 13035 | D:6      | Got a bloodstained helmet
 13036 | D:6      | Identified the cursed -4 helmet "Erassoag" {rPois SInv}
                  | (You found it on level 6 of the Dungeon)
 13269 | D:10     | Noticed an unseen horror
 13602 | D:10     | Killed an unseen horror
 13602 | D:10     | Received a gift from Okawaru
 13821 | D:10     | Reached XP level 11. HP: 92/92 MP: 15/15
 13865 | D:10     | Found a staircase to the Lair.
 13878 | D:10     | Reached ***** piety under Okawaru
 13934 | D:10     | Reached skill level 13 in Bows
 14621 | D:11     | Found Iduonn's Weapon Shoppe.
 14666 | D:11     | Noticed Erolcha
 14679 | D:11     | Killed Erolcha
 14679 | D:11     | Received a gift from Okawaru
 14679 | D:11     | Reached skill level 5 in Armour
 14775 | D:11     | Found a frozen archway.
 14858 | IceCv    | Entered an ice cave
 15709 | IceCv    | Received a gift from Okawaru
 15932 | IceCv    | Received a gift from Okawaru
 16002 | IceCv    | Reached skill level 14 in Bows
 16046 | IceCv    | Received a gift from Okawaru
 16164 | IceCv    | Reached skill level 5 in Invocations
 16205 | IceCv    | Reached skill level 5 in Dodging
 16332 | IceCv    | Noticed a frost giant
 16332 | IceCv    | Noticed a death yak
 16419 | IceCv    | Killed a death yak
 16419 | IceCv    | Reached XP level 12. HP: 33/102 MP: 16/16
 17404 | D:11     | Received a gift from Okawaru
 17839 | D:12     | Found Ippam's Weapon Shop.
 18037 | D:12     | Received a gift from Okawaru
 18038 | D:12     | Got a translucent longbow {god gift}
 18039 | D:12     | Identified the +7 longbow of Okawaru's Indignation {flame,
                  | Str+4 Int+2} (Okawaru gifted it to you on level 12 of the
                  | Dungeon)
 18635 | D:13     | Found a gate to the Vaults.
 18635 | D:13     | Noticed a two-headed ogre
 18635 | D:13     | Noticed Nessos
 18635 | D:13     | Noticed Urug
 18873 | D:13     | Noticed a four-headed hydra
 18887 | D:13     | Killed a four-headed hydra
 18939 | D:13     | Noticed an eight-headed hydra
 18948 | D:13     | Killed an eight-headed hydra
 19027 | D:13     | Received a gift from Okawaru
 19066 | D:13     | Identified the +4 scale mail of the Carpenter {rElec rC+
                  | Str+2 SInv}
 19219 | D:13     | Learned a level 3 spell: Confuse
 19371 | D:13     | Noticed a centaur warrior
 19712 | D:12     | Received a gift from Okawaru
 19799 | D:13     | Noticed Jorgrun
 20004 | D:12     | Received a gift from Okawaru
 20408 | D:12     | Killed Jorgrun
 20408 | D:12     | Received a gift from Okawaru
 20408 | D:12     | Reached ****** piety under Okawaru
 20408 | D:12     | Received a gift from Okawaru
 20408 | D:12     | Reached XP level 13. HP: 87/111 MP: 11/18
 20409 | D:12     | Got an ichor-stained troll leather armour {god gift}
 20495 | D:12     | Identified the +3 troll leather armour "Ciceoloc" {Regen+
                  | Str+4} (Okawaru gifted it to you on level 12 of the
                  | Dungeon)
 20660 | D:13     | Killed Nessos
 20756 | D:13     | Killed Urug
 20854 | D:13     | Noticed Sonja
 20857 | D:13     | Killed Sonja
 21184 | Lair:1   | Entered Level 1 of the Lair of Beasts
 21943 | Lair:2   | Reached skill level 15 in Bows
 22326 | Lair:2   | Received a gift from Okawaru
 22410 | Lair:2   | Reached skill level 10 in Fighting
 22666 | Lair:2   | Found a staircase to the Shoals.
 22878 | Lair:3   | Found a hole to the Spider Nest.
 23217 | Lair:3   | Reached XP level 14. HP: 121/121 MP: 9/20
 23446 | Lair:3   | You fall through a shaft for 2 floors!
 24462 | Lair:4   | Reached skill level 16 in Bows
 25067 | Lair:5   | Learned a level 4 spell: Cause Fear
 25071 | Lair:5   | Learned a level 3 spell: Gell's Gravitas
 25318 | Lair:5   | Received a gift from Okawaru
 25603 | Lair:5   | Got a garnet-encrusted scale mail
 25604 | Lair:5   | Identified the +4 scale mail "Hairats" {Regen+ SInv} (You
                  | found it on level 5 of the Lair of Beasts)
 25821 | Lair:6   | Entered Level 6 of the Lair of Beasts
 25972 | Lair:6   | Received a gift from Okawaru
 26548 | Lair:6   | Received a gift from Okawaru
 26771 | Lair:6   | Reached skill level 5 in Translocations
 26878 | Lair:6   | Found a staircase to the Slime Pits.
 27148 | Lair:6   | Reached XP level 15. HP: 130/130 MP: 14/22
 27270 | Lair:6   | Found a large runed translucent door.
 27270 | Lair:6   | Found a large runed translucent door.
 27300 | Lair:6   | Received a gift from Okawaru
 27301 | Lair:6   | Found the +7 longbow "Piercer" {penet, EV-2}
 27304 | Lair:6   | Reached skill level 5 in Spellcasting
 27310 | Lair:6   | Identified a scroll of acquirement
 28835 | D:14     | Found a flagged portal.
 28856 | Bailey   | Entered a bailey
 29119 | Bailey   | Noticed an orc warlord
 29133 | Bailey   | Killed an orc warlord
 29133 | Bailey   | Reached skill level 10 in Dodging
 29585 | D:14     | Received a gift from Okawaru
 29585 | D:14     | Reached skill level 17 in Bows
 29923 | D:15     | Entered Level 15 of the Dungeon
 29954 | D:15     | Received a gift from Okawaru
 30908 | D:15     | Found a staircase to the Depths.
 31133 | Orc:1    | Entered Level 1 of the Orcish Mines
 31338 | Orc:2    | Entered Level 2 of the Orcish Mines
 31532 | Orc:2    | Found a staircase to the Elven Halls.
 31681 | Orc:2    | Found Guelooru's Antique Armour Shoppe.
 31747 | Orc:2    | Reached XP level 16. HP: 132/141 MP: 21/23
 31761 | Orc:2    | Received a gift from Okawaru
 31806 | Orc:2    | Reached skill level 18 in Bows
 31822 | Orc:2    | Found Pumuiw's Food Shop.
 31839 | Orc:2    | Found Ynoerchec's Weapon Shop.
 31884 | Orc:2    | Found Sifinyoq's Antique Weapon Shoppe.
 31921 | Orc:2    | Found Eralivi's General Store.
 32165 | Orc:1    | Found Posoeghuph's Food Boutique.
 32463 | Orc:1    | Noticed Nergalle
 32470 | Orc:1    | Killed Nergalle
 32590 | Orc:2    | Bought a scroll of identify for 32 gold pieces
 32601 | Orc:2    | Bought 18 arrows for 50 gold pieces
 32601 | Orc:2    | Bought 21 arrows for 58 gold pieces
 32780 | Spider:1 | Entered Level 1 of the Spider Nest
 33136 | Spider:1 | Received a gift from Okawaru
 33137 | Spider:1 | Got a pitted centaur barding {god gift}
 33138 | Spider:1 | Identified the +3 centaur barding of Okawaru's Castigation
                  | {Str+5} (Okawaru gifted it to you on level 1 of the Spider
                  | Nest)
 33199 | Spider:1 | Found a runed translucent door.
 33200 | Spider:1 | Found a shimmering altar of Xom.
 33200 | Spider:1 | Noticed MalarOregon's ghost (journeyman MfSk)
 33200 | Spider:1 | Identified the +7 great mace "Rooth" {chaos, +Blink rElec
                  | rN+ MR+}
 33237 | Spider:1 | Killed MalarOregon's ghost
 34694 | Spider:3 | Received a gift from Okawaru
 34877 | Spider:3 | Noticed Mara
 35360 | Spider:3 | Received a gift from Okawaru
 35361 | Spider:3 | Got a shimmering lajatang {god gift}
 35412 | Spider:3 | Noticed steinardarri's illusion
 35569 | Spider:3 | Reached XP level 17. HP: 145/150 MP: 22/24
 35870 | Spider:3 | Noticed steinardarri's illusion
 35967 | Spider:3 | Killed Mara
 36606 | Spider:4 | Entered Level 4 of the Spider Nest
 36619 | Spider:4 | Learned a level 2 spell: Blink
 36623 | Spider:4 | Learned a level 3 spell: Teleport Other
 36637 | Spider:4 | Identified Roxanne's Catalogue of Earth
 36637 | Spider:4 | Noticed Roxanne
 36649 | Spider:4 | Killed Roxanne
 36649 | Spider:4 | Received a gift from Okawaru
 36838 | Spider:4 | Reached skill level 10 in Invocations
 36855 | Spider:4 | Noticed Arachne
 36891 | Spider:4 | Killed Arachne
 36891 | Spider:4 | Reached skill level 19 in Bows
 37047 | Spider:4 | Found the ring of Shadows {Umbra +Inv Stlth+}
 37155 | Spider:4 | Noticed Agnes
 37161 | Spider:4 | Killed Agnes
 37378 | Spider:4 | Noticed Donald
 37393 | Spider:4 | Killed Donald
 37816 | Spider:4 | Received a gift from Okawaru
 37903 | Spider:4 | Noticed Bai Suzhen
 37926 | Spider:4 | Killed Bai Suzhen
 37926 | Spider:4 | Received a gift from Okawaru
 37927 | Spider:4 | Got a shimmering scale mail {god gift}
 37928 | Spider:4 | Identified the +2 scale mail of the Maze {rElec} (Okawaru
                  | gifted it to you on level 4 of the Spider Nest)
 38151 | Spider:4 | Got a gossamer rune of Zot
 38440 | Shoals:1 | Entered Level 1 of the Shoals
 38557 | Shoals:1 | Reached skill level 15 in Fighting
 38688 | Shoals:1 | Reached XP level 18. HP: 154/163 MP: 25/25
 39123 | Shoals:2 | Noticed Qatempov's ghost (journeyman HOFi)
 39372 | Shoals:2 | Found a runed translucent gate.
 39372 | Shoals:2 | Found a runed translucent gate.
 39372 | Shoals:2 | Found a runed translucent gate.
 40553 | Shoals:2 | Killed Qatempov's ghost
 40556 | Shoals:2 | Received a gift from Okawaru
 41348 | Orc:2    | Bought a dazzling leather armour for 217 gold pieces
 41348 | Orc:2    | Identified the +1 leather armour "Goiryrgh" {*Corrode rElec
                  | Int+3 Slay+2} (You bought it in a shop on level 2 of the
                  | Orcish Mines)
 41385 | Orc:2    | Bought a scroll of acquirement for 832 gold pieces
 42012 | Shoals:3 | Killed from afar by a water nymph

Skill      XL: |  1  2  3  4  5  6  7  8  9 10 11 12 13 14 15 16 17 18 |
---------------+-------------------------------------------------------+-----
Bows           | 3 4 5 6 7 9 11 12 14 15 16 17 18 19 | 19.6
Hexes          | 3 4 5 6 7 8 |  8.0
Fighting       | 2 3 4 6 7 8 9 10 11 12 13 15 | 15.5
Spellcasting   | 2 3 4 5 |  5.0
Translocations | 2 3 4 5 |  5.0
Invocations    | 2 3 5 7 8 9 10 | 10.0
Armour         | 2 4 6 7 8 9 |  9.9
Dodging        | 2 4 5 7 9 11 12 13 | 13.2

Action                   |  1- 3 |  4- 6 |  7- 9 | 10-12 | 13-15 | 16-18 || total
-------------------------+-------+-------+-------+-------+-------+-------++-------
Melee: Club              |     5 |       |       |       |       |       ||     5
       Short sword       |    84 |   154 |   118 |       |       |       ||   356
       Kick              |    15 |    30 |    17 |       |       |    11 ||    73
       Unarmed           |       |     1 |       |       |       |    24 ||    25
       Shortbow          |       |       |       |     1 |       |       ||     1
 Fire: Shortbow          |    59 |   118 |   374 |   757 |       |       ||  1308
       Longbow           |       |       |       |   115 |  1104 |  1255 ||  2474
Throw: Stone             |     2 |     5 |     2 |       |       |       ||     9
 Cast: Corona            |     2 |    14 |    24 |    13 |     4 |     1 ||    58
       Slow              |       |    21 |    68 |    54 |    28 |     4 ||   175
       Portal Projectile |       |       |       |       |    31 |     9 ||    40
       Confuse           |       |       |       |       |     8 |     2 ||    10
       Gell's Gravitas   |       |       |       |       |     3 |     2 ||     5
       Cause Fear        |       |       |       |       |     2 |     3 ||     5
       Blink             |       |       |       |       |       |     3 ||     3
Invok: Heroism           |       |       |     1 |    23 |    21 |    11 ||    56
       Finesse           |       |       |       |     2 |     4 |     7 ||    13
Evoke: Wand              |       |       |       |     4 |       |     4 ||     8
       Phantom mirror    |       |       |       |       |       |     1 ||     1
  Use: Scroll            |       |     5 |    11 |     9 |    12 |    11 ||    48
       Potion            |       |     1 |       |     2 |       |     2 ||     5
  Eat: Chunk             |     1 |    12 |    28 |    21 |    28 |    20 ||   110
       Ration            |       |       |       |       |     1 |     2 ||     3
Armor: Robe              |    38 |    84 |    64 |       |       |       ||   186
       Skin              |       |     3 |       |       |       |       ||     3
       Scale mail        |       |       |     2 |   145 |       |   116 ||   263
       Troll leather arm |       |       |       |       |   147 |   182 ||   329
Dodge: Dodged            |    47 |   101 |    82 |   102 |   169 |   331 ||   832
Block: Other             |       |       |       |    25 |    48 |    77 ||   150
       Reflection        |       |       |       |     3 |     4 |    10 ||    17
